 Dungeon Sprint DCSS version 0.21.1-1-g345015f (webtiles) character file.

2368 sanboga the Fighter (level 9, -1/65 HPs)
             Began as a Gargoyle Berserker on Feb 14, 2018.
             Was a High Priest of Trog.
             Slain by a crystal guardian (20 damage)
             ... in the Dungeon (Sprint II: "The Violet Keep of Menkaure").
             The game lasted 00:04:05 (1149 turns).

sanboga the Fighter (Gargoyle Berserker)            Turns: 1149, Time: 00:04:05

Health: -1/65      AC:  9    Str: 25    XL:     9   Next: 44%
Magic:  9/9        EV: 16    Int:  7    God:    Trog [*****.]
Gold:   36         SH:  0    Dex:  9    Spells: 8/8 levels left

rFire    . . .     SeeInvis .   c - +1 hand axe (chop)
rCold    . . .     Gourm    .   (no shield)
rNeg     + . .     Faith    .   b - +0 animal skin
rPois    ∞         Spirit   .   (no helmet)
rElec    +         Reflect  .   (no cloak)
rCorr    .         Harm     .   (no gloves)
MR       .....     NoTele   +   (no boots)
Stlth    +.........             (no amulet)
HPRegen  0.20/turn              (no ring)
MPRegen  0.11/turn              (no ring)

@: berserk cooldown, slowed, very slow
A: blurry vision 2, negative energy resistance 1, electricity resistance,
unbreathing, petrification resistance, rot immunity, AC +6
a: Berserk, Trog's Hand, Brothers in Arms, Burn Spellbooks, Renounce Religion


You were in the Dungeon.
You worshipped Trog.
Trog was extremely pleased with you.
You were near starving.

You visited 1 branch You collected 972 gold pieces.
You spent 936 gold pieces at shops.

Inventory:

Hand Weapons
 a - a +0 hand axe
 c - a +1 hand axe of chopping (weapon)
 j - the cursed +1 mace "Gamesaa" {vamp, rElec rN+ MR-, unknown}
   (You bought it in a shop in the Dungeon)

   It inflicts no extra harm, but heals its wielder when it wounds a living foe.
   It insulates you from electricity.
   It protects you from negative energy.
   It affects your resistance to hostile enchantments.
   It has a curse placed upon it.
Armour
 b - a +0 animal skin (worn)
 k - a +2 plate armour of fire resistance
Scrolls
 i - a scroll of blinking
Potions
 d - a potion of curing
 e - a potion of heal wounds
 f - a potion of haste
 g - 2 potions of magic
 h - a potion of berserk rage


   Skills:
 + Level 11.9 Fighting
 + Level 10.2 Axes
 + Level 11.6 Armour
 + Level 9.1 Dodging


You had 8 spell levels left.
You didn't know any spells.

Dungeon Overview and Level Annotations

Branches:
Dungeon (1/1)

Altars:
Cheibriados
Dithmenos
Elyvilon
Hepliaklqana
Kikubaaqudgha
Makhleb
Qazlal
Ru
Sif Muna
Trog
Uskayaw
Vehumet
Wu Jian
Xom
Yredelemnul
Zin
The Shining One
Beogh
Jiyva
Lugonu

Shops:
D :[=!(?%=([(!?:}[

Annotations:
D exclusions: oklob plant and orange crystal statue


Innate Abilities, Weirdness & Mutations

You are resistant to torment.
Your stone body is resilient. (AC +6)
You are immune to poison.
You resist negative energy. (rN+)
You are resistant to electric shocks. (rElec)
You can survive without breathing.
You are immune to petrification.
You are immune to rotting.
Scrolls take you longer to read.


Message History

Trog will gift you weapons as you gain piety.
The crystal guardian closely misses you.
You hit the crystal guardian.
The crystal guardian is lightly damaged.
The crystal guardian hits you!!
* * * LOW HITPOINT WARNING * * *
You hit the crystal guardian.
The crystal guardian is lightly damaged.
You hit the crystal guardian but do no damage.
The crystal guardian is lightly damaged.
The crystal guardian barely misses you.
You hit the crystal guardian.
The crystal guardian is moderately damaged.
You are no longer berserk.
You are exhausted.
You feel yourself slow down.
You hit the crystal guardian but do no damage.
The crystal guardian is moderately damaged.
The crystal guardian hits you!!
You die...

§≈≈≈§§§## §§8§≈§≈§#
§§§§§§≈# ... ≈§≈§§≈# ...
++#+++## ... ## .......#
.. .# ##'##..# #. .#
#...# .#### +.##8# .##..#
...# #..@# #.######..##
##..# ##'###.##..# +†.#
##.##...#..# #.^# #
'.<.'.##'..####..##.#
##.####.#....###^..##▓▓
##'###†##......≈≈≈≈≈≈≈≈≈≈
#.).####§§.....≈#+#######
..#..#≈§≈≈≈≈≈..≈#._._._..


You could see a crystal guardian.

Vanquished Creatures
  2 death drakes (D)
  A merfolk siren (D)
  4 neqoxecs (D)
  A swamp drake (D)
  4 necrophages (D)
  A crocodile (D)
  A hell rat (D)
  2 worms (D)
16 creatures vanquished.

Vanquished Creatures (others)
  Menkaure (D)
  A crocodile (D)
  A worm (D)
3 creatures vanquished.

Grand Total: 19 creatures vanquished

Notes
Turn   | Place    | Note
-------+----------+-------------------------------------------
     0 | D        | sanboga the Gargoyle Berserker began the quest for the Orb.
     0 | D        | Reached XP level 1. HP: 14/14 MP: 1/1
     1 | D        | Noticed a necrophage
     1 | D        | Noticed a necrophage
     1 | D        | Noticed a necrophage
     1 | D        | Noticed a necrophage
     9 | D        | Killed a necrophage
     9 | D        | Reached skill level 5 in Fighting
     9 | D        | Reached skill level 5 in Armour
     9 | D        | Reached XP level 2. HP: 19/21 MP: 2/2
     9 | D        | Reached XP level 3. HP: 25/26 MP: 3/3
     9 | D        | Reached XP level 4. HP: 29/31 MP: 4/4
    18 | D        | Killed a necrophage
    18 | D        | Reached skill level 5 in Axes
    18 | D        | Reached XP level 5. HP: 25/37 MP: 5/5
    30 | D        | Killed a necrophage
    30 | D        | Reached ** piety under Trog
    30 | D        | Reached skill level 5 in Dodging
    30 | D        | Reached XP level 6. HP: 7/44 MP: 6/6
    45 | D        | Killed Menkaure
    48 | D        | Killed a necrophage
   326 | D        | Noticed a neqoxec
   329 | D        | Noticed a neqoxec
   337 | D        | Killed a neqoxec
   337 | D        | Reached XP level 7. HP: 50/50 MP: 7/7
   338 | D        | Gained mutation: Scrolls take you a little longer to read. [a neqoxec]
   345 | D        | Killed a neqoxec
   345 | D        | Reached *** piety under Trog
   378 | D        | Noticed an orange crystal statue
   382 | D        | Noticed a neqoxec
   386 | D        | Noticed a neqoxec
   386 | D        | Gained mutation: Scrolls take you longer to read. [a neqoxec]
   395 | D        | Killed a neqoxec
   412 | D        | Killed a neqoxec
   412 | D        | Reached XP level 8. HP: 50/57 MP: 8/8
   457 | D        | Reached skill level 10 in Fighting
   587 | D        | Reached **** piety under Trog
   702 | D        | Noticed a merfolk siren
   712 | D        | Killed a merfolk siren
   712 | D        | Reached skill level 10 in Armour
   863 | D        | Found Emurr's Gadget Emporium.
   863 | D        | Found Buoteb's Antique Armour Shoppe.
   863 | D        | Found Pastoka's Antique Weapon Emporium.
   863 | D        | Found Kicoqoed's Jewellery Shoppe.
   863 | D        | Found Neimnat's Distillery.
   863 | D        | Found Vyluntokh's Food Emporium.
   864 | D        | Found Izonolao's Antique Weapon Shoppe.
   864 | D        | Found Xuth's Distillery.
   864 | D        | Found Gef Car's Book Shoppe.
   864 | D        | Found Siocs's Antique Armour Shoppe.
   864 | D        | Found Xeasef's Weapon Emporium.
   865 | D        | Found Zerac's Jewellery Shoppe.
   865 | D        | Found Laimakuf's Armour Emporium.
   866 | D        | Found Tufiar's Magic Scroll Shoppe.
   866 | D        | Found Xuptuane's Magic Scroll Emporium.
   867 | D        | Noticed an oklob plant
   868 | D        | Found Kezxiwes's Book Shoppe.
   869 | D        | Noticed a manticore
   869 | D        | Noticed a manticore
   870 | D        | Noticed a manticore
   873 | D        | Noticed a fire dragon
   887 | D        | Bought a glowing hand axe for 156 gold pieces
   888 | D        | Bought a warped mace for 208 gold pieces
   904 | D        | Bought a shiny plate armour for 572 gold pieces
  1110 | D        | Noticed an ice statue
  1120 | D        | Found a glowing silver altar of Zin.
  1120 | D        | Found a radiant altar of Vehumet.
  1121 | D        | Found a glowing golden altar of the Shining One.
  1121 | D        | Found a basalt altar of Yredelemnul.
  1121 | D        | Found a hide-covered altar of Uskayaw.
  1122 | D        | Found a shimmering altar of Xom.
  1122 | D        | Found a bloodstained altar of Trog.
  1122 | D        | Found a burning altar of Makhleb.
  1123 | D        | Found an ornate altar of the Wu Jian Council.
  1123 | D        | Found a deep blue altar of Sif Muna.
  1123 | D        | Found a corrupted altar of Lugonu.
  1124 | D        | Found a sacrificial altar of Ru.
  1124 | D        | Found an ancient bone altar of Kikubaaqudgha.
  1124 | D        | Found a white marble altar of Elyvilon.
  1125 | D        | Found a stormy altar of Qazlal.
  1125 | D        | Found a viscous altar of Jiyva.
  1125 | D        | Found a shadowy altar of Dithmenos.
  1126 | D        | Found a hazy altar of Hepliaklqana.
  1126 | D        | Found a snail-covered altar of Cheibriados.
  1127 | D        | Found a roughly hewn altar of Beogh.
  1128 | D        | Noticed a death drake
  1128 | D        | Noticed a crystal guardian
  1129 | D        | Noticed a death drake
  1142 | D        | Killed a death drake
  1142 | D        | Reached XP level 9. HP: 51/64 MP: 9/9
  1143 | D        | Killed a death drake
  1143 | D        | Reached skill level 10 in Axes
  1143 | D        | Reached ***** piety under Trog
  1149 | D        | Slain by a crystal guardian

Skill      XL: |  1  2  3  4  5  6  7  8  9 |
---------------+----------------------------+-----
Fighting       | 5 6 7 8 9 11 | 11.9
Axes           | 4 5 6 7 8 9 10 | 10.2
Armour         | 5 6 7 8 9 11 | 11.6
Dodging        | 3 4 5 6 7 8 9 |  9.1

Action                   |  1- 3 |  4- 6 |  7- 9 || total
-------------------------+-------+-------+-------++-------
Melee: Hand axe          |     7 |    45 |    81 ||   133
Invok: Berserk           |     1 |     1 |     3 ||     5
  Eat: Ration            |       |       |     1 ||     1
       Chunk             |       |       |     1 ||     1
Armor: Animal skin       |       |    15 |    10 ||    25
Dodge: Dodged            |     3 |    22 |    40 ||    65
